 Dungeon Crawl Stone Soup version 0.23.2-33-g5129a83184 (webtiles) character file.

Game seed: 5428723879983577696

60 DorianNounverber the Magician (level 3, -4/19 HPs)
             Began as a Deep Elf Wizard on July 10, 2019.
             Killed from afar by an orc wizard (10 damage)
             ... with a puff of frost
             ... on level 3 of the Dungeon.
             The game lasted 00:06:58 (2139 turns).

DorianNounverber the Magician (Deep Elf Wizard)     Turns: 2139, Time: 00:06:58

Health: -4/19      AC:  2    Str:  4    XL:     3   Next: 82%
Magic:  8/12       EV: 13    Int: 23    God:
Gold:   131        SH:  0    Dex: 13    Spells: 9/14 levels left

rFire    + . .     SeeInvis .   (no weapon)
rCold    . . .     Gourm    .   (no shield)
rNeg     . . .     Faith    .   m - +0 robe
rPois    .         Spirit   .   b - +0 hat
rElec    .         Reflect  .   (no cloak)
rCorr    .         Harm     .   (no gloves)
MR       .....                  (no boots)
Stlth    ++........             (no amulet)
HPRegen  0.06/turn              g - ring of flight
MPRegen  0.13/turn              i - ring of protection from fire

@: no status effects
A: no striking features
a: Evoke Flight


You were on level 3 of the Dungeon.
You were not hungry.

You visited 1 branch of the dungeon, and saw 3 of its levels.

You collected 131 gold pieces.

Inventory:

Armour
 a - a +0 robe
 b - a +0 hat (worn)
 l - a +0 robe
 m - a +0 robe (worn)
Jewellery
 g - a ring of flight (left hand)
 i - a ring of protection from fire (right hand)
Scrolls
 c - 2 scrolls of magic mapping {unknown}
 f - 2 scrolls of teleportation {unknown}
 h - a scroll of fear {unknown}
 j - a scroll of enchant weapon {unknown}
 o - a scroll of noise {unknown}
Potions
 e - a potion of heal wounds {unknown}
 k - a potion of haste
 n - a potion of ambrosia {unknown}
Comestibles
 d - a ration


   Skills:
 + Level 2.4 Dodging
 + Level 2.6 Stealth
 * Level 6.3 Spellcasting
 + Level 1.2 Conjurations
 + Level 1.6 Summonings
 + Level 1.1 Translocations


You had 9 spell levels left.
You knew the following spells:

 Your Spells              Type           Power        Failure   Level  Hunger
a - Magic Dart            Conj           ##..         4%          1    None
b - Blink                 Tloc           N/A          8%          2    None
c - Call Imp              Summ           ##......     6%          2    None

Your spell library contained the following spells:

 Spells                   Type           Power        Failure   Level  Hunger
 Slow                     Hex            #.......     13%         2    None
 Conjure Flame            Conj/Fire      ##......     19%         3    #......
 Mephitic Cloud           Conj/Pois/Air  #.......     22%         3    #......


Dungeon Overview and Level Annotations

Branches:
Dungeon (3/15)

Altars:
Gozag


Message History

Something hits you but does no damage.
You hit something but do no damage.
You hear some strange, mumbled words.
A puff of frost appears from out of thin air!
The puff of frost hits you.
* * * LOW HITPOINT WARNING * * *
Your white imp hits something but does no damage.
Casting: Call Imp (safe; 6% risk of failure)
Confirm with . or Enter, or press ? or * to list all spells.
You blink.
Something barely misses your white imp.
Something closely misses your white imp.
Something hits your white imp but does no damage.
There is an open door, spattered with blood here.
Things that are here:
a +0 dagger; a +0 leather armour; an orc corpse Your white imp disappears in a puff of smoke!
A puff of frost appears from out of thin air!
The puff of frost hits you!
Ouch! That really hurt!
You die...

##...##.#
##.....#.
##.......##
#.........#
+.........+
#.........#
#.......#
#.)...#
##@..##
##)## #§#
#####.##
#§{..{.#
#.##...##
#.#.....#
#.##...## #.
#.###..#####


There were no monsters in sight!

Vanquished Creatures
  An adder (D:2)
  A gnoll (D:2)
  2 leopard geckos (D:1)
  2 giant cockroaches
  A goblin (D:2)
  4 hobgoblins
  2 jackals (D:1)
  3 bats
  5 frilled lizards
  3 kobolds
  3 rats (D:1)
27 creatures vanquished.

Vanquished Creatures (collateral kills)
  An adder (D:2)
  A worm (D:2)
  A dart slug (D:1)
  2 orcs (D:3)
  A giant cockroach (D:3)
  A goblin (D:2)
  A frilled lizard (D:2)
  A kobold (D:2)
9 creatures vanquished.

Grand Total: 36 creatures vanquished

Notes
Turn   | Place    | Note
-------+----------+-------------------------------------------
     0 | D:1      | DorianNounverber the Deep Elf Wizard began the quest for
                  | the Orb.
     0 | D:1      | Reached XP level 1. HP: 10/10 MP: 7/7
   193 | D:1      | Reached skill level 5 in Spellcasting
   341 | D:1      | Reached XP level 2. HP: 9/15 MP: 5/10
   510 | D:1      | Learned a level 2 spell: Blink
   513 | D:1      | Learned a level 2 spell: Call Imp
  1237 | D:2      | Reached XP level 3. HP: 19/19 MP: 7/12
  1258 | D:2      | Reached skill level 6 in Spellcasting
  1423 | D:2      | Found an opulent altar of Gozag.
  2139 | D:3      | Killed from afar by an orc wizard

Skill      XL: |  1  2  3 |
---------------+----------+-----
Spellcasting   | 5 6 |  6.3
Dodging        | |  2.4
Stealth        | |  2.6
Conjurations   | |  1.2
Summonings     | |  1.6
Translocations | |  1.1

Action                   || total
-------------------------++-------
Melee: Unarmed           ||     2
 Cast: Magic Dart        ||    64
       Call Imp          ||    14
       Blink             ||     1
  Use: Scroll            ||     2
  Eat: Chunk             ||     2
       Ration            ||     1
Armor: Robe              ||     3
Dodge: Dodged            ||     9
